AoeStats
← 凉拌皮蛋

Hill Fort

506813721Analyzed
4v4 RM · 17d ago on Sep 15, 2026· 39m 13s· 8 players
Game mode
Random Map
Map size
Large (8 player)
Population
200
Speed
Normal
Resources
Standard
Victory
Conquest
Starting age
Dark Age
Ending age
Imperial Age
RankedLock teamsTeams togetherTeam positionsShared explorationLock speedFull tech treeHidden civsTurbo modeCheats
Victory
Defeat
🇲🇽 Magyars · Mexico
1595
+15
🇩🇪 Khmer · Germany
1581
+15
🇹🇷 Ethiopians · Türkiye
1572
+16
🇮🇳 Italians · India
1542
+17
🇨🇳 Magyars · China
1662
-20
🇻🇳 Persians · Vietnam
1549
-15
🇻🇳 Mongols · Vietnam
1540
-15
🇨🇳 Berbers · China
1510
-13
Apep
12:08 Feudal Age
13:38 Horse Collar
16:03 Castle Age
14:16 Double-Bit Axe
17:13 Bow Saw
18:42 Wheelbarrow
18:51 Gold Mining
26:57 Imperial Age
23:49 Crossbowman
24:31 Fletching
25:03 Ballistics
25:32 Bodkin Arrow
26:04 Padded Archer Armor
26:55 Thumb Ring
27:33 Squires
27:02 Arbalester
29:38 Chemistry
29:59 Bracer
30:38 Loom
31:03 Halberdier
37:27 Forging
39:51 Coinage
Hommi
1:23 Loom
10:10 Feudal Age
13:20 Castle Age
12:06 Double-Bit Axe
14:25 Loom
16:56 Horse Collar
20:37 Bow Saw
22:53 Gold Mining
23:41 Wheelbarrow
22:57 Town Watch
26:56 Bloodlines
26:46 Husbandry
29:02 Scale Barding Armor
29:08 Forging
33:02 Imperial Age
30:48 Hand Cart
30:16 Light Cavalry
31:23 Chain Barding Armor
31:39 Iron Casting
32:25 Heavy Plow
33:52 Tusk Swords
34:12 Conscription
34:29 Plate Barding Armor
34:54 Blast Furnace
33:48 Hussar
VX | Obligame Perro!
11:26 Feudal Age
11:54 Double-Bit Axe
12:23 Loom
16:22 Castle Age
14:35 Horse Collar
18:15 Bow Saw
18:12 Fletching
21:42 Wheelbarrow
28:02 Hand Cart
31:39 Imperial Age
29:16 Scale Barding Armor
30:19 Chain Barding Armor
30:57 Corvinian Army
31:29 Bloodlines
31:20 Husbandry
32:15 Bodkin Arrow
31:58 Elite Magyar Huszar
34:47 Plate Barding Armor
35:23 Conscription
34:25 Light Cavalry
35:59 Pikeman
36:40 Scale Mail Armor
36:26 Arson
36:50 Halberdier
37:48 Chain Mail Armor
38:35 Padded Archer Armor
Yaksh_it
10:57 Feudal Age
12:46 Double-Bit Axe
17:02 Castle Age
15:30 Horse Collar
16:00 Gold Mining
17:06 Bloodlines
17:02 Loom
18:06 Bow Saw
21:43 Wheelbarrow
23:19 Stone Mining
23:44 Heavy Plow
30:42 Imperial Age
28:23 Fletching
28:53 Padded Archer Armor
29:52 Ballistics
29:30 Bodkin Arrow
30:27 Thumb Ring
30:51 Squires
31:28 Bracer
32:33 Chemistry
32:26 Conscription
31:58 Town Watch
32:59 Leather Archer Armor
34:24 Two-Man Saw
34:50 Ring Archer Armor
冬瀑
11:47 Feudal Age
12:49 Double-Bit Axe
15:16 Castle Age
13:34 Horse Collar
16:13 Bow Saw
16:11 Heavy Plow
16:15 Loom
20:14 Wheelbarrow
21:42 Gold Mining
22:11 Stone Mining
23:29 Scale Barding Armor
26:16 Gold Shaft Mining
26:47 Husbandry
27:24 Town Watch
27:57 Bloodlines
28:54 Chain Barding Armor
30:12 Hand Cart
33:28 Imperial Age
32:19 Corvinian Army
33:38 Elite Magyar Huszar
34:57 Plate Barding Armor
34:44 Conscription
35:34 Two-Man Saw
36:22 Crop Rotation
37:26 Fletching
38:01 Bodkin Arrow
38:38 Ballistics
凉拌皮蛋
11:30 Feudal Age
12:42 Town Watch
15:30 Castle Age
14:05 Double-Bit Axe
14:42 Fletching
14:43 Loom
15:07 Horse Collar
16:30 Bow Saw
19:39 Bodkin Arrow
22:56 Heavy Plow
28:02 Ballistics
28:07 Husbandry
28:27 Bloodlines
28:44 Stone Mining
28:45 Gold Mining
33:35 Imperial Age
32:29 Padded Archer Armor
33:04 Masonry
34:02 Wheelbarrow
34:57 Hoardings
34:44 Conscription
35:26 Bracer
36:32 Chemistry
timembh
3:02 Loom
11:29 Feudal Age
15:57 Castle Age
13:44 Double-Bit Axe
14:00 Horse Collar
17:01 Bow Saw
18:48 Wheelbarrow
18:34 Town Watch
18:51 Heavy Plow
24:13 Fletching
25:48 Bodkin Arrow
26:25 Padded Archer Armor
27:27 Hand Cart
27:55 Leather Archer Armor
28:30 Bloodlines
30:49 Ballistics
30:35 Thumb Ring
34:52 Imperial Age
32:34 Stone Mining
32:35 Gold Mining
33:44 Masonry
36:13 Parthian Tactics
35:37 Elite Mangudai
37:13 Bracer
39:55 Conscription
Bis
8:58 Feudal Age
13:20 Castle Age
12:33 Horse Collar
18:53 Double-Bit Axe
20:40 Loom
22:46 Heavy Plow
24:00 Bow Saw
26:39 Wheelbarrow
29:39 Imperial Age
27:19 Scale Barding Armor
27:47 Gold Mining
28:48 Chain Barding Armor
29:09 Forging
30:37 Plate Barding Armor
30:40 Hand Cart
31:36 Two-Man Saw
32:01 Crop Rotation
31:17 Capped Ram
32:27 Husbandry
33:33 Iron Casting
33:10 Bloodlines
33:42 Elite War Elephant
34:43 Conscription
35:39 Blast Furnace
34:48 Heavy Camel Rider
35:27 Fletching
35:47 Town Watch
37:22 Gold Shaft Mining
36:37 Stone Mining
37:59 Citadels
39:58 Stone Shaft Mining
39:21 Bodkin Arrow
Connection lost

Rejoining the realm…

Still unreachable

The connection could not be restored.

Session expired

The server has moved on; the page needs a fresh start.